 Dungeon Crawl Stone Soup version 0.28.0-1-gb440e238dd (webtiles) character file.

Game seed: 2727154957272512298

77 smarlow the Skirmisher (level 4, -5/41 HPs)
             Began as a Minotaur Fighter on Feb 23, 2022.
             Blown up by a goblin (17 damage)
             ... with a mindburst bolt
             ... on level 3 of the Dungeon.
             The game lasted 00:04:29 (1806 turns).

smarlow the Skirmisher (Minotaur Fighter)           Turns: 1806, Time: 00:04:30

Health: -5/41      AC:  7    Str: 23    XL:     4   Next: 14%
Magic:  3/3        EV:  9    Int:  7    God:
Gold:   33         SH:  4    Dex:  9    Spells: 3/3 levels left

rFire   . . .      SeeInvis .   g - +7 whip "Atrymacs" {freeze, *Corrode rElec rC+ Int+2}
rCold   + . .      Faith    .   c - +0 buckler
rNeg    . . .      Spirit   .   b - +0 scale mail
rPois   .          Reflect  .   (helmet restricted)
rElec   +          Harm     .   (no cloak)
rCorr   .          Rampage  .   (no gloves)
Will    .....                   (no boots)
Stlth   ..........              (no amulet)
HPRegen 0.13/turn               (no ring)
MPRegen 0.08/turn               (no ring)

@: no status effects
A: horns 2, retaliatory headbutt
a: no special abilities


You were on level 3 of the Dungeon.
You visited 1 branch of the dungeon, and saw 3 of its levels.

You collected 75 gold pieces.
You spent 42 gold pieces at shops.

Inventory:

Hand Weapons
 a - a +0 war axe
 g - the +7 whip "Atrymacs" (weapon) {freeze, *Corrode rElec rC+ Int+2}
   (You found it on level 2 of the Dungeon)

   It freezes those it strikes, dealing additional cold damage.
   It can also slow down cold-blooded creatures.
   Int:       It affects your intelligence (+2).
   rC:        It protects you from cold.
   rElec:     It insulates you from electricity.
   *Corrode:  It may corrode you when you take damage.
 j - the +6 mace of Chaos {drain, rPois rF+ rN+}
   (You found it on level 2 of the Dungeon)

   A truly terrible weapon, it drains the life of any living foe it strikes.
   rF:        It protects you from fire.
   rPois:     It protects you from poison.
   rN:        It protects you from negative energy.
Armour
 b - a +0 scale mail (worn)
 c - a +0 buckler (worn)
Scrolls
 f - 5 scrolls of identify {unknown}
 h - a scroll of vulnerability {unknown}
 k - a scroll of amnesia {unknown}
Potions
 d - a potion of might
 e - 2 potions of attraction {unknown}
 i - a potion of curing
 l - a potion of mutation {unknown}


   Skills:
 + Level 4.3 Fighting
 - Level 3.1(3.3) Axes
 * Level 1.5(2.5) Maces & Flails
 + Level 4.2 Armour
 + Level 4.2 Shields


You had 3 spell levels left.
You didn't know any spells.
Your spell library contained the following spells:

 Spells                   Type           Power      Damage    Failure   Level
 Freeze                   Ice            0%         1d3       83%         1
 Sandblast                Erth           0%         2d4       83%         1
 Passwall                 Tmut/Erth      0%         N/A       92%         2
 Frozen Ramparts          Ice            0%         1d2       99%         3
 Stone Arrow              Conj/Erth      0%         3d7       99%         3
 Summon Guardian Golem    Hex/Summ       0%         N/A       99%         3
 Hailstorm                Conj/Ice       0%         3d3       100%        4
 Orb of Destruction       Conj           0%         9d5       100%        7
 Spellforged Servitor     Conj/Summ      0%         N/A       100%        7


Dungeon Overview and Level Annotations

Branches:
Dungeon (3/15)

Altars:

Shops:
D:1 ?   D:2 (!=(*

Annotations:
D:2 1 runed translucent door, Crazy Yiuf


Innate Abilities, Weirdness & Mutations

You have a pair of horns on your head.
You reflexively headbutt those who attack you in melee.


Message History

You hit the frilled lizard. You freeze the frilled lizard.
You kill the frilled lizard!
An adder comes into view.
The adder hisses angrily.
An adder is nearby!
You closely miss the adder. Your headbutt misses the adder.
The adder bites you but does no damage.
You hit the adder.
The adder seems to slow down.
You freeze the adder.
You headbutt the adder, but do no damage.
The adder is heavily wounded.
The adder closely misses you. You furiously retaliate!
You headbutt the adder.
You kill the adder!
You have reached level 4!
You feel stronger.
You now have 33 gold pieces (gained 6).
You open the door.
Found a potion of curing and a chain mail.
A goblin comes into view. It is wielding a +0 dagger.
The goblin shouts!
You hear an angry hiss.
There is an open door here.
A frilled lizard and a goblin come into view.
The goblin is wielding a +0 dagger and carrying a wand of mindburst (9).
Found a sedimented emerald potion.
The frilled lizard hisses angrily.
The goblin shouts!
The goblin hits you but does no damage.
You hit the goblin. You freeze the goblin.
You kill the goblin!
No reachable target in view!
There are monsters nearby!
No reachable target in view!
The goblin zaps a wand.
You barely resist. Why would you want to do that?
The goblin zaps a wand.
Your mind is blasted!
You see here a +0 dagger.
The goblin zaps a wand.
Your mind is blasted!
Ouch! That really hurt!
* * * LOW HITPOINT WARNING * * *
Found 24 stones.
The goblin zaps a wand.
Your mind is blasted!
You die...

#####..#.#####
#.............
#.###..#######
#######'#######
#.............#
#.............#
#........)....#
#....§§≈≈§....#
.###
#....§§§!..@..#
....
#.§§§§.§......#
.###
+..≈≈≈§§≈≈≈§..+
.##.###
#.§...l§.g....#
.......
#......≈.§.§..#
#######
#....≈≈§§≈....#
...§.(....#
....... ..#


You could see a goblin and a frilled lizard.

Vanquished Creatures
  2 adders
  2 worms (D:2)
  A dart slug (D:2)
  An orc (D:3)
  7 ball pythons
  4 endoplasms
  5 giant cockroaches
  4 goblins
  5 hobgoblins
  2 kobolds
  4 quokkas
  2 bats (D:2)
  5 frilled lizards
  5 rats
  A bush (D:2)
50 creatures vanquished.

Notes
Turn   | Place    | Note
-------+----------+-------------------------------------------
     0 | D:1      | smarlow the Minotaur Fighter began the quest for the Orb.
     0 | D:1      | Reached XP level 1. HP: 19/19 MP: 0/0
   158 | D:1      | Reached XP level 2. HP: 26/27 MP: 1/1
   182 | D:1      | Found Hiffus's Magic Scroll Shoppe.
   731 | D:2      | Found Istavvam's Jewellery Boutique.
   771 | D:2      | Reached XP level 3. HP: 24/33 MP: 2/2
   952 | D:2      | Identified the +7 whip "Atrymacs" {freeze, *Corrode rElec
                  | rC+ Int+2}
   960 | D:2      | Found Jorgh's Weapon Shop.
  1202 | D:2      | Found Lodidi Umash's Distillery.
  1206 | D:2      | Bought a potion of curing for 42 gold pieces
  1287 | D:2      | Identified the +6 mace of Chaos {drain, rPois rF+ rN+}
  1290 | D:2      | Found a runed translucent door.
  1291 | D:2      | Noticed Crazy Yiuf
  1430 | D:2      | Reached skill level 1 in Maces & Flails
  1452 | D:2      | Found Qausad's Weapon Shoppe.
  1536 | D:2      | Found a faded altar of an unknown god.
  1590 | D:2      | Found Otocainu's Assorted Antiques.
  1773 | D:3      | Reached XP level 4. HP: 41/41 MP: 3/3
  1806 | D:3      | Blown up by a goblin

Illustrated notes

Levels and vault maps discovered:
D:1:      dpeg_arrival_leaves_temple_mockup, layout_basic, serial_shops,
          shop_statue
D:2:      minmay_angry_zag, layout_rooms, shapermc_ecumenical_altar_petra,
          serial_shops, nicolae_shop_hallway_stairs,
          nicolae_shop_bloodbath_and_beyond, shop, nicolae_shop_stone,
          nicolae_shop_competitors_out_of_business, uniq_crazy_yiuf_cottage
D:3:      layout_loops_ring, gammafunk_temple_overflow_elements,
          kennysheep_generic_room_16

Skill      XL: |  1  2  3 |
---------------+----------+-----
Armour         | 4 |  4.2
Fighting       | 4 |  4.3
Shields        | 4 |  4.2
Axes           | 3 |  3.1
Maces & Flails | 1 |  1.5

Action                   |  1- 3 |  4- 6 || total
-------------------------+-------+-------++-------
Melee: War axe           |    50 |       ||    50
       Headbutt          |    20 |       ||    20
       Whip              |    67 |     1 ||    68
Armor: Scale mail        |    30 |     1 ||    31
Dodge: Dodged            |    41 |       ||    41
Block: Buckler           |    16 |       ||    16
